 Dungeon Crawl Stone Soup version 0.24-b1 (webtiles) character file.

Game seed: 8817843955651812656, levelgen mode: deterministic

254 Mort the Skirmisher (level 6, -2/41 HPs)
             Began as a Gargoyle Assassin on Oct 13, 2019.
             Killed from afar by an orc wizard (8 damage)
             ... with a magic dart
             ... on level 4 of the Dungeon.
             The game lasted 00:09:08 (3197 turns).

Mort the Skirmisher (Gargoyle Assassin)             Turns: 3197, Time: 00:09:09

Health: -2/41      AC: 10    Str: 15    XL:     6   Next: 14%
Magic:  6/6        EV: 10    Int: 13    God:
Gold:   210        SH:  0    Dex: 11    Spells: 5/5 levels left

rFire    . . .     SeeInvis .   q - +2 dagger (venom)
rCold    . . .     Gourm    .   (no shield)
rNeg     + . .     Faith    .   g - +0 ring mail
rPois    ∞         Spirit   .   (no helmet)
rElec    +         Reflect  .   p - +0 cloak
rCorr    .         Harm     .   (no gloves)
MR       .....                  (no boots)
Stlth    ++........             (no amulet)
HPRegen  0.13/turn              (no ring)
MPRegen  0.10/turn              (no ring)

@: no status effects
A: negative energy resistance 1, electricity resistance, unbreathing,
petrification resistance, rot immunity, AC +4
a: no special abilities


You were on level 4 of the Dungeon.
You were hungry.

You visited 1 branch of the dungeon, and saw 4 of its levels.

You collected 210 gold pieces.

Inventory:

Hand Weapons
 a - a +2 dagger
 j - a +0 short sword
 q - a +2 dagger of venom (weapon)
Missiles
 d - 25 poisoned darts
 e - 2 curare-tipped darts
 i - 56 stones (quivered)
Armour
 b - a +0 robe
 c - a +0 cloak
 g - a +0 ring mail (worn)
 p - a +0 cloak (worn)
 w - a +0 buckler
Jewellery
 s - an uncursed ring of protection from fire {unknown}
Wands
 u - a wand of iceblast (11)
 A - a wand of digging (12)
 C - a wand of acid (4)
Scrolls
 h - 2 scrolls of fog {unknown}
 l - 2 scrolls of remove curse {unknown}
 m - 2 scrolls of identify {unknown}
 n - a scroll of enchant weapon {unknown}
 t - a scroll of enchant armour {unknown}
 x - a scroll of magic mapping {unknown}
 y - a scroll of teleportation {unknown}
Potions
 k - 2 potions of flight {unknown}
 o - a potion of magic {unknown}
 r - 3 potions of haste {unknown}
 v - a potion of heal wounds {unknown}
 z - a potion of mutation {unknown}
 B - 2 potions of curing {unknown}
Comestibles
 f - 8 rations


   Skills:
 + Level 6.0 Fighting
 - Level 1.7 Short Blades
 - Level 1.7 Throwing
 - Level 0.7 Dodging
 - Level 4.3 Stealth
 + Level 2.9 Shields


You had 5 spell levels left.
You didn't know any spells.
Your spell library was empty.

Dungeon Overview and Level Annotations

Branches:
Dungeon (4/15)
 Temple: D:4-7

Altars:

Annotations:
D:3 3 runed translucent doors, Peloso's ghost, weakling MiFi


Innate Abilities, Weirdness & Mutations

You are resistant to torment.
Your stone body is resilient. (AC +4)
You are immune to poison.
You resist negative energy. (rN+)
You are resistant to electric shocks. (rElec)
You can survive without breathing.
You are immune to petrification.
You are immune to rotting.


Message History

Unknown command.
The howler monkey skeleton hits you but does no damage.
You bump into the rock wall.
You feel less confused. Something hits you but does no damage.
The howler monkey skeleton hits you but does no damage.
The orc hits you but does no damage.
A magic dart appears from out of thin air!
The magic dart hits you!
* * * LOW HITPOINT WARNING * * *
Unknown command.
Okay, then.
An orc wizard appears from thin air!
Reactivating autopickup.
The orc wizard casts a spell.
The orc wizard flickers and vanishes!
Deactivating autopickup; reactivate with Ctrl-A.
A magic dart appears from out of thin air!
The magic dart hits you!
You die...

####W.## #.#.# ##
#......# #.#.####.
.######......# #.#.##...
...(.........###.#.##.#.
######...............#.
#...(...#.##.####.####.
#.........##...........
#......Z#####.###.#####
#.....@.# #.###.# #
#.......# #..##.# #
#.......# ##.##.# #
#.......#### #.##.# #
#.....†....# #..#.### #
............# ##.#... .
.............####.#.###
#
......................#
...#######...........#


You could see a howler monkey skeleton.

Vanquished Creatures
  A scorpion (D:4)
  An orc wizard (D:3)
  A worker ant (D:4)
  6 adders
  An ooze (D:2)
  5 worms
  A leopard gecko (D:3)
  4 orcs (D:3)
  5 giant cockroaches
  7 goblins
  9 hobgoblins
  6 jackals
  2 quokkas (D:3)
  8 bats
  5 frilled lizards
  12 kobolds
  11 rats
85 creatures vanquished.

Notes
Turn   | Place    | Note
-------+----------+-------------------------------------------
     0 | D:1      | Mort the Gargoyle Assassin began the quest for the Orb.
     0 | D:1      | Reached XP level 1. HP: 12/12 MP: 1/1
   134 | D:1      | Reached XP level 2. HP: 15/18 MP: 2/2
   199 | D:1      | Reached skill level 3 in Fighting
   719 | D:1      | Reached XP level 3. HP: 24/24 MP: 3/3
   899 | D:2      | Reached skill level 4 in Fighting
  1594 | D:2      | Reached XP level 4. HP: 28/30 MP: 4/4
  1786 | D:2      | Reached skill level 5 in Fighting
  1954 | D:3      | Found a runed translucent gate.
  1958 | D:3      | Found a runed translucent gate.
  1958 | D:3      | Found a runed translucent gate.
  2180 | D:3      | Reached skill level 1 in Shields
  2187 | D:3      | Reached XP level 5. HP: 28/35 MP: 5/5
  2976 | D:3      | Noticed Peloso's ghost (weakling MiFi)
  3111 | D:4      | Reached skill level 6 in Fighting
  3111 | D:4      | Reached XP level 6. HP: 41/41 MP: 6/6
  3156 | D:4      | Noticed a phantom
  3197 | D:4      | Killed from afar by an orc wizard

Skill      XL: |  1  2  3  4  5 |
---------------+----------------+-----
Fighting       | 3 4 5 6 |  6.0
Shields        | 1 2 |  2.9
Short Blades   | |  1.7
Throwing       | |  1.7
Dodging        | |  0.7
Stealth        | |  4.3

Action                   |  1- 3 |  4- 6 || total
-------------------------+-------+-------++-------
Melee: Dagger            |   170 |   166 ||   336
Throw: Stone             |       |     1 ||     1
 Stab: Sleeping          |     4 |     1 ||     5
  Eat: Chunk             |     2 |     5 ||     7
Armor: Ring mail         |    83 |    84 ||   167
Dodge: Dodged            |    90 |    77 ||   167
